Map: Orbital Depot

Players

Amix - Winner!

  • Race: Zerg Zerg
  • Spawn Location: 9:00

Jaeger - Winner!

  • Race: Protoss Protoss
  • Spawn Location: 7:00

Graustein - Winner!

  • Race: Zerg Zerg
  • Spawn Location: 9:00

A.I. 3 (Medium)

  • Race: Zerg Zerg
  • Spawn Location: 3:00

A.I. 4 (Elite)

  • Race: Protoss Protoss
  • Spawn Location: 1:00

A.I. 5 (Harder)

  • Race: Terran Terran
  • Spawn Location: 3:00

VOD

Have the link to the VOD?

Description

Time

  • Played on: Nov. 23, 2016, 7:51 p.m.
  • Length: 17:36
Show
View Real Time Build Order
Export as new Build Order

Amix Zerg - Winner!

Build Orders: Pool First 

Get SALT Encoding   

  12  0:09  Drone x2  
  14  0:30  Drone, Spawning Pool  
  14  0:37  Extractor  
  14  0:40  Drone  
  14  0:52  Overlord  
  14  1:16  Zergling x2  
  15  1:19  Zergling x4  
  15  1:24  Queen  
  19  1:28  Zergling x2  
  20  1:45  Zergling x2  
  21  1:49  Zergling x2  
  21  1:51  Metabolic Boost  
  22  2:03  Baneling Nest  
  21  2:17  Queen  
  21  2:26  Zergling x2  
  21  2:28  Overlord  
  22  2:41  Overlord  
  22  2:44  Overlord  
  22  2:51  Baneling x4  
  22  2:55  Zergling x2  
  23  3:06  Zergling x4  
  21  3:37  Zergling x10  
  21  3:38  Zergling x2  
  25  3:44  Extractor  
  22  3:53  Zergling x2  
  23  4:07  Queen  
  19  5:17  Zergling x16  
  26  5:35  Drone  
  27  5:50  Hatchery  
  26  6:24  Baneling  
  26  6:25  Baneling x9  
  21  6:53  Drone x4  
  22  7:23  Overlord x3  
  22  7:41  Zergling x14  
  29  7:47  Zergling x2  
  30  8:01  Baneling x2  
  30  8:02  Baneling x8  
  30  8:03  Baneling  
  30  8:11  Drone x2  
  32  8:21  Evolution Chamber  
  32  8:22  Drone  
  32  8:40  Zergling x4  
  34  8:42  Zergling x2  
  35  8:52  Pneumatized Carapace  
  35  8:58  Zerg Melee Weapons Level 1  
  35  8:59  Zergling x4  
  37  9:31  Zergling x8  
  41  10:01  Unknown  
  41  10:23  Hatchery  
  41  10:26  Unknown, Hatchery  
  38  10:37  Overlord x5  
  38  10:43  Overlord  
  38  11:03  Zergling x8  
  42  11:15  Drone x3  
  45  11:30  Drone x2  
  40  11:55  Drone x6  
  40  11:56  Drone  
  40  11:59  Drone x2  
  49  12:08  Lair  
  49  12:18  Baneling x2  
  49  12:19  Baneling x6  
  49  12:30  Queen  
  51  12:39  Drone  
  51  12:40  Drone x6  
  51  12:42  Drone  
  59  12:56  Drone x5  
  59  12:57  Drone x2  
  66  13:03  Queen  
  66  13:05  Drone x2  
  70  13:09  Extractor  
  70  13:10  Extractor  
  68  13:16  Hydralisk Den  
  68  13:17  Zerg Ground Armor Level 1  
  67  13:23  Evolution Chamber  
  67  13:25  Infestation Pit  
  65  13:28  Drone x3  
  65  13:29  Drone  
  65  13:31  Evolution Chamber  
  69  13:48  Drone x4  
  69  13:49  Drone x8  
  69  13:54  Drone x2  
  69  13:55  Extractor  
  81  14:03  Hive  
  81  14:06  Zerg Missile Weapons Level 1  
  81  14:16  Drone x2  
  81  14:17  Drone x8  
  91  14:24  Hydralisk x3  
  91  14:27  Overlord  
  91  14:30  Overlord  
  97  14:45  Hydralisk  
  99  14:46  Overlord x2  
  99  14:47  Overlord x4  
  99  14:48  Drone  
  100  14:57  Extractor  
  99  15:12  Hydralisk x2  
  99  15:13  Hydralisk x8  
  117  15:14  Hydralisk  
  120  15:35  Hydralisk x3  
  120  15:36  Hydralisk x3  
  120  15:40  Hatchery  
  131  15:48  Muscular Augments  
  131  15:59  Hydralisk x4  
  131  16:04  Zergling x14  
  142  16:11  Baneling x4  
  141  16:40  Hydralisk x5  
  141  16:41  Hydralisk  
  141  16:42  Zergling x2  
  141  16:43  Zergling x16  
Show
View Real Time Build Order
Export as new Build Order

Jaeger Protoss - Winner!

Build Orders:  

Get SALT Encoding   

  12  0:04  Probe (Chrono Boost)  
  13  0:14  Probe (Chrono Boost)  
  13  0:18  Pylon  
  14  0:25  Probe (Chrono Boost)  
  15  1:01  Probe (Chrono Boost)  
  16  1:09  Gateway  
  16  1:10  Nexus  
  16  1:12  Probe (Chrono Boost)  
  16  1:13  Pylon  
  17  1:22  Forge, Probe (Chrono Boost)  
  18  1:33  Probe (Chrono Boost)  
  19  1:42  Pylon  
  19  1:43  Probe (Chrono Boost)  
  21  1:54  Probe (Chrono Boost)  
  21  1:55  Assimilator  
  21  2:00  Assimilator  
  21  2:05  Probe (Chrono Boost)  
  22  2:10  Cybernetics Core  
  22  2:15  Probe (Chrono Boost)  
  23  2:21  Photon Cannon  
  23  2:24  Photon Cannon  
  23  2:26  Probe (Chrono Boost)  
  24  2:30  Photon Cannon  
  24  2:36  Probe (Chrono Boost)  
  25  2:43  Probe (Chrono Boost)  
  26  2:47  Probe (Chrono Boost)  
  27  2:53  Probe (Chrono Boost)  
  27  2:56  Pylon  
  27  2:57  Probe (Chrono Boost)  
  29  3:04  Probe (Chrono Boost)  
  30  3:06  Photon Cannon  
  30  3:08  Probe (Chrono Boost)  
  31  3:15  Assimilator, Probe (Chrono Boost)  
  31  3:18  Probe (Chrono Boost), Assimilator  
  33  3:25  Probe (Chrono Boost)  
  34  3:36  Probe (Chrono Boost)  
  34  3:40  Photon Cannon  
  35  3:42  Photon Cannon  
  35  3:46  Photon Cannon, Probe (Chrono Boost)  
  36  3:57  Probe (Chrono Boost)  
  36  4:00  Photon Cannon  
  37  4:05  Photon Cannon  
  37  4:07  Probe (Chrono Boost)  
  37  4:08  Photon Cannon  
  38  4:11  Pylon  
  38  4:16  Robotics Facility  
  38  4:18  Probe (Chrono Boost)  
  39  4:28  Probe (Chrono Boost)  
  40  4:33  Stargate  
  40  4:36  Stargate  
  40  4:43  Stargate  
  40  4:51  Pylon  
  40  4:55  Pylon  
  40  4:57  Pylon  
  40  5:02  Pylon  
  40  5:07  Observer  
  41  5:25  Probe (Chrono Boost)  
  42  5:29  Immortal  
  47  5:35  Probe (Chrono Boost)  
  47  5:46  Probe (Chrono Boost)  
  48  6:08  Immortal, Pylon  
  48  6:11  Photon Cannon  
  52  6:19  Void Ray x3  
  64  6:39  Nexus  
  64  6:43  Assimilator  
  64  6:47  Immortal  
  64  6:49  Assimilator  
  68  7:02  Void Ray x3  
  80  7:26  Immortal  
  84  7:33  Photon Cannon  
  84  7:35  Photon Cannon  
  84  7:47  Void Ray  
  84  7:48  Void Ray x2  
  84  7:51  Protoss Air Weapons Level 1  
  96  7:56  Cybernetics Core  
  92  8:06  Immortal  
  96  8:19  Probe (Chrono Boost)  
  97  8:30  Probe (Chrono Boost)  
  98  8:35  Pylon  
  98  8:38  Pylon  
  98  8:51  Immortal  
  102  8:57  Photon Cannon  
  102  9:00  Photon Cannon  
  102  9:05  Photon Cannon  
  102  9:10  Photon Cannon  
  102  9:15  Pylon  
  102  9:30  Immortal  
  106  9:46  Fleet Beacon  
  106  9:47  Protoss Shields Level 1  
  106  9:48  Protoss Air Armor Level 1  
  106  9:52  Pylon  
  106  9:55  Pylon  
  106  9:58  Pylon  
  106  10:01  Pylon  
  106  10:37  Tempest x2  
  118  10:43  Tempest  
  124  11:46  Protoss Air Weapons Level 2  
  124  11:49  Protoss Air Armor Level 2  
  124  11:51  Tempest x3  
  142  12:33  Tempest  
  142  12:34  Tempest x2  
  152  13:21  Tempest x2  
  152  13:22  Tempest  
  170  14:00  Pylon  
  166  14:04  Tempest, Pylon  
  166  14:07  Pylon  
  172  14:14  Protoss Air Armor Level 3  
  172  14:31  Protoss Air Weapons Level 3  
  172  14:43  Twilight Council  
  172  15:24  Nexus  
  172  15:40  Assimilator  
  172  15:45  Assimilator  
Show
View Real Time Build Order
Export as new Build Order

Graustein Zerg - Winner!

Build Orders: Pool First 

Get SALT Encoding   

  12  0:05  Drone  
  13  0:10  Drone  
  14  0:18  Overlord  
  14  0:23  Extractor  
  14  0:25  Drone  
  14  0:31  Extractor  
  14  0:33  Drone  
  14  0:41  Drone  
  15  0:49  Drone  
  16  1:06  Drone, Spawning Pool  
  16  1:11  Drone  
  17  1:37  Drone x2  
  19  1:43  Hatchery  
  18  1:55  Queen  
  18  1:58  Zergling x4  
  22  2:17  Roach Warren  
  22  2:21  Drone  
  22  2:22  Baneling Nest  
  21  2:24  Drone  
  22  2:43  Overlord x2  
  22  2:59  Drone x2  
  24  3:06  Drone  
  25  3:15  Roach  
  27  3:22  Queen  
  29  3:29  Lair  
  29  3:33  Roach x2  
  33  3:45  Metabolic Boost  
  33  4:00  Drone x5  
  33  4:02  Drone  
  39  4:26  Roach x2  
  39  4:29  Overlord x2  
  43  4:35  Drone  
  44  4:43  Overlord x2  
  44  4:47  Drone x2  
  46  4:56  Drone x2  
  46  4:57  Evolution Chamber  
  46  4:59  Evolution Chamber  
  46  5:28  Baneling x4  
  46  5:38  Drone x4  
  48  5:56  Burrow  
  48  6:06  Centrifical Hooks  
  48  6:10  Infestation Pit  
  47  6:15  Drone x2  
  47  6:16  Drone  
  50  6:20  Spire  
  41  6:38  Zergling x12  
  41  6:39  Zergling x4  
  47  6:40  Roach  
  45  7:02  Spine Crawler  
  45  7:04  Spine Crawler x2  
  36  7:10  Extractor  
  33  7:17  Roach  
  33  7:18  Roach x5  
  44  7:36  Spine Crawler x2  
  42  7:37  Spine Crawler  
  42  7:38  Spine Crawler  
  42  7:40  Spine Crawler  
  39  7:44  Spore Crawler x3  
  39  7:47  Spore Crawler  
  31  8:19  Spine Crawler x2  
  29  8:20  Spine Crawler  
  29  8:21  Drone  
  29  8:22  Drone x2, Spine Crawler  
  30  8:33  Hive  
  30  8:39  Drone  
  31  8:43  Roach x4, Hatchery  
  31  8:45  Extractor x2  
  28  9:42  Drone x6  
  34  10:12  Hatchery  
  33  10:25  Extractor  
  33  10:26  Drone  
  33  10:27  Drone x5  
  33  10:28  Drone  
  39  10:31  Drone x2  
  39  10:32  Drone  
  39  10:34  Queen  
  44  10:49  Corruptor x2  
  44  10:56  Greater Spire  
  48  11:02  Zerg Melee Weapons Level 1  
  48  11:09  Zerg Ground Armor Level 1  
  48  11:53  Drone  
  48  11:54  Drone x5  
  51  11:55  Drone x4  
  51  11:59  Overlord  
  51  12:00  Overlord x5  
  58  12:19  Adrenal Glands  
  58  12:22  Zerg Flyer Weapons Level 1  
  58  12:27  Brood Lord  
  60  12:47  Brood Lord  
  62  12:52  Roach x3  
  62  12:53  Roach x3  
  62  12:57  Queen  
  76  13:08  Drone x3  
  79  13:35  Corruptor  
  79  13:36  Corruptor x2  
  85  13:55  Corruptor x2  
  85  13:56  Corruptor x2  
  85  13:57  Corruptor  
  85  13:58  Zergling x2  
  85  13:59  Zergling x10  
  101  14:05  Spine Crawler  
  100  14:14  Brood Lord  
  100  14:15  Brood Lord x2  
  100  14:16  Zerg Flyer Armor Level 1  
  106  14:23  Extractor  
  105  14:24  Overlord  
  105  14:25  Overlord x5  
  105  14:30  Zerg Melee Weapons Level 2  
  105  14:40  Unknown  
  101  15:09  Unknown  
  100  15:25  Baneling x3  
  100  15:28  Zergling x16  
  105  15:29  Zergling x4  
  110  16:09  Baneling x4  
  110  16:10  Baneling x5  
  100  16:39  Mutalisk x3  
  100  16:40  Mutalisk x8  
  100  16:41  Mutalisk  
  117  17:15  Roach x3, Zergling x4  
  123  17:16  Zergling x8  
  129  17:23  Overseer  
Show
View Real Time Build Order
Export as new Build Order

A.I. 3 (Medium) Zerg 

Build Orders: Pool First 

Get SALT Encoding   

  12  0:01  Drone  
  13  0:12  Overlord  
  13  0:17  Drone  
  14  0:30  Drone  
  14  0:33  Drone  
  16  0:44  Spawning Pool  
  16  0:46  Drone  
  16  0:50  Drone  
  16  0:53  Extractor  
  16  0:56  Drone  
  17  1:06  Overlord  
  17  1:31  Zergling x2  
  17  1:32  Queen  
  18  1:35  Zergling x2  
  18  1:38  Drone  
  18  1:39  Roach Warren  
  21  1:44  Extractor  
  20  1:49  Drone  
  21  1:54  Baneling Nest  
  21  2:00  Drone  
  21  2:10  Drone  
  22  2:21  Zergling x2  
  22  2:32  Zergling x2  
  23  2:39  Overlord, Zergling x2  
  23  2:43  Zergling x2  
  25  2:47  Zergling x2  
  26  2:52  Baneling x2  
  26  2:54  Zergling x2  
  27  2:59  Baneling  
  27  3:05  Zergling x2  
  28  3:10  Drone, Zergling x2  
  28  3:12  Evolution Chamber  
  29  3:13  Drone  
  29  3:17  Baneling, Zergling x2  
  31  3:27  Drone  
  32  3:37  Overlord  
  32  3:43  Drone  
  32  3:46  Drone  
  34  3:49  Drone  
  34  3:52  Drone  
  36  5:08  Roach, Overlord  
  36  5:09  Drone  
  36  5:10  Lair  
  36  5:12  Drone  
  30  5:15  Drone  
  30  5:18  Drone  
  30  5:19  Roach  
  34  5:26  Drone  
  35  5:30  Drone, Roach  
  38  5:40  Overlord  
  38  5:41  Roach  
  31  5:50  Drone  
  31  5:52  Roach, Hatchery  
  32  6:03  Zergling x2  
  33  6:07  Overseer  
  33  6:11  Hydralisk Den  
  33  6:18  Drone  
  33  6:23  Drone  
  34  6:26  Drone  
  34  6:30  Drone  
  36  6:34  Drone  
  36  6:37  Drone  
  36  6:39  Zergling x2  
  38  6:49  Hydralisk  
  38  6:52  Overseer  
  40  6:59  Spore Crawler  
  40  7:00  Hydralisk  
  41  7:05  Drone  
  42  7:08  Spore Crawler  
  42  7:11  Drone  
  42  7:14  Hydralisk  
  44  7:18  Drone  
  44  7:21  Drone  
  46  7:25  Hydralisk  
  46  7:26  Drone  
  46  7:28  Drone  
  50  7:34  Drone  
  50  7:36  Drone  
  52  7:44  Drone  
  52  7:46  Spine Crawler  
  52  7:47  Drone  
  52  7:50  Drone  
  54  7:53  Drone  
  54  7:56  Drone  
  56  7:59  Drone, Spine Crawler  
  56  8:02  Drone  
  57  8:08  Drone, Spore Crawler  
  57  8:11  Drone  
  58  8:15  Drone  
  58  8:17  Spore Crawler  
  58  8:18  Drone  
  59  8:20  Drone  
  59  8:23  Overlord  
  59  8:24  Drone  
  61  8:30  Drone  
  61  8:33  Drone  
  63  8:35  Queen  
  63  8:41  Drone  
  66  8:42  Spine Crawler  
  66  8:44  Drone  
  66  8:46  Drone  
  67  8:50  Spine Crawler  
  67  8:51  Drone  
  67  8:53  Queen  
  69  8:57  Overlord  
  69  9:04  Infestation Pit  
  68  9:10  Spire  
  68  9:13  Evolution Chamber  
  66  9:17  Pneumatized Carapace  
  66  9:20  Overseer  
  66  9:23  Roach  
  68  9:31  Roach  
  69  9:38  Roach  
  53  9:46  Zergling x2  
  54  9:53  Roach  
  56  10:00  Roach  
  56  10:01  Overlord  
  56  10:05  Hatchery  
  57  10:07  Hydralisk  
  59  10:14  Hydralisk  
  61  10:21  Hydralisk  
  63  10:29  Overlord  
  63  10:30  Roach  
  63  10:33  Zerg Melee Weapons Level 1  
  65  10:38  Zerg Ground Armor Level 1, Roach  
  65  10:40  Hatchery  
  66  10:45  Roach  
  68  10:52  Roach  
  70  10:57  Burrow  
  70  10:59  Roach  
  72  11:06  Hydralisk  
  74  11:13  Hydralisk  
  76  11:20  Hydralisk  
  78  11:28  Infestor  
  78  11:31  Extractor  
  79  11:33  Extractor  
  79  11:35  Infestor  
  73  11:42  Roach  
  53  11:50  Roach  
  55  11:57  Roach  
  57  12:04  Zergling x2  
  57  12:07  Extractor  
  57  12:12  Roach, Extractor  
  56  12:17  Drone  
  56  12:19  Roach  
  56  12:20  Drone  
  60  12:23  Drone  
  60  12:26  Hydralisk  
  60  12:27  Drone  
  60  12:29  Drone  
  65  12:32  Drone, Spore Crawler  
  65  12:34  Roach  
  65  12:35  Drone  
  68  12:38  Drone  
  68  12:41  Drone, Roach  
  69  12:45  Drone  
  69  12:48  Drone  
  69  12:49  Roach  
  69  12:51  Drone  
  74  12:54  Drone  
  74  12:55  Lair  
  74  12:56  Roach  
  73  12:59  Overlord  
  73  13:04  Roach  
  71  13:10  Hydralisk  
  66  13:17  Drone  
  66  13:18  Hydralisk  
  58  13:26  Hydralisk  
  58  13:27  Hatchery  
  58  13:33  Hydralisk  
  58  13:37  Zergling x2  
  58  13:40  Infestor  
  61  13:45  Roach  
  61  13:48  Roach, Hatchery  
  62  13:51  Evolution Chamber  
  62  13:53  Roach  
  62  13:55  Overseer  
  65  13:56  Evolution Chamber  
  65  13:57  Roach, Hive  
  65  14:01  Roach  
  64  14:05  Roach  
  64  14:09  Roach  
  62  14:10  Overlord  
  62  14:12  Roach  
  62  14:16  Roach  
  65  14:20  Roach  
  67  14:24  Hydralisk  
  67  14:25  Roach Warren  
  61  14:33  Overlord  
  61  14:35  Overseer  
  61  14:37  Zergling x2  
  62  14:41  Hydralisk  
  62  14:43  Overseer  
  57  14:45  Drone x3  
  57  14:46  Drone  
  53  14:55  Overlord  
  39  15:00  Drone  
  39  15:03  Spawning Pool  
  39  15:06  Roach  
  34  15:10  Roach  
  29  15:17  Roach  
  29  15:21  Hatchery  
  30  15:53  Zergling x2  
  31  15:58  Hatchery  
  13  16:33  Drone  
  13  16:35  Drone  
  2  16:41  Drone x2  
Show
View Real Time Build Order
Export as new Build Order

A.I. 4 (Elite) Protoss 

Build Orders: Mass Adepts, Dark Templar Rush 

Get SALT Encoding   

  12  0:01  Probe (Chrono Boost)  
  13  0:12  Probe (Chrono Boost)  
  14  0:18  Pylon  
  14  0:22  Probe (Chrono Boost)  
  15  0:36  Probe (Chrono Boost)  
  15  0:38  Assimilator  
  16  0:43  Gateway  
  16  0:46  Probe (Chrono Boost)  
  16  0:49  Pylon  
  17  0:57  Probe (Chrono Boost)  
  18  1:08  Probe (Chrono Boost)  
  19  1:15  Assimilator  
  20  1:18  Probe (Chrono Boost)  
  20  1:28  Zealot  
  20  1:29  Probe (Chrono Boost)  
  23  1:35  Cybernetics Core  
  23  1:41  Probe (Chrono Boost)  
  24  1:51  Pylon  
  24  1:52  Probe (Chrono Boost)  
  24  1:53  Zealot  
  27  2:04  Probe (Chrono Boost)  
  27  2:08  Warp Gate  
  28  2:10  Gateway  
  28  2:15  Twilight Council, Probe (Chrono Boost)  
  28  2:19  Stalker  
  30  2:27  Probe (Chrono Boost)  
  31  2:36  Gateway  
  31  2:38  Probe (Chrono Boost)  
  32  2:46  Pylon  
  32  2:49  Zealot  
  32  2:50  Probe (Chrono Boost)  
  35  2:54  Dark Shrine  
  35  2:55  Adept  
  37  3:02  Probe (Chrono Boost)  
  38  3:11  Pylon  
  39  3:14  Probe (Chrono Boost)  
  39  3:15  Stalker  
  41  3:21  Adept  
  41  3:26  Gateway  
  45  3:27  Mothership Core (Chrono Boost)  
  45  3:29  Adept  
  47  3:44  Adept  
  47  3:47  Adept  
  49  3:54  Adept  
  53  4:17  Pylon  
  53  4:18  Adept  
  54  4:35  Stalker, Adept x2, Pylon  
  54  4:36  Adept  
  62  4:44  Robotics Facility  
  62  4:54  Stalker  
  62  4:55  Zealot  
  62  4:56  Adept  
  62  4:58  Adept  
  70  5:00  Pylon  
  70  5:16  Adept  
  70  5:18  Adept  
  73  5:31  Observer  
  73  5:32  Pylon  
  74  5:36  Probe (Chrono Boost)  
  70  5:45  Dark Templar  
  64  5:57  Dark Templar  
  66  6:37  Stalker x2, Sentry  
  66  6:39  Stalker  
  63  6:58  Stalker  
  65  7:12  Stalker  
  67  7:17  Sentry  
  65  8:00  Nexus  
  59  8:14  Stalker  
  45  9:11  Archon  
Show
View Real Time Build Order
Export as new Build Order

A.I. 5 (Harder) Terran 

Build Orders:  

Get SALT Encoding   

  12  0:01  SCV  
  13  0:13  SCV  
  14  0:20  Supply Depot  
  14  0:25  SCV  
  15  0:41  SCV  
  16  0:45  Barracks  
  16  0:50  Refinery  
  16  0:53  SCV  
  17  1:06  SCV  
  18  1:18  SCV  
  19  1:21  Supply Depot  
  19  1:30  SCV  
  19  1:31  Marine  
  21  1:41  Barracks  
  21  1:43  Orbital Command  
  21  1:51  Refinery, Barracks Tech Lab  
  21  2:08  Marine  
  21  2:10  Supply Depot  
  22  2:27  Marauder  
  22  2:28  Marine  
  25  2:46  Marine  
  25  2:48  Marine  
  25  2:50  Supply Depot  
  27  3:03  Marine  
  28  3:06  Marauder  
  30  3:18  Supply Depot  
  30  3:21  Marine  
  30  3:26  SCV  
  31  3:27  Marauder  
  16  3:38  SCV  
  16  3:39  Marine  
  18  3:49  Marauder  
  18  3:50  SCV  
  21  3:57  Marine  
  21  4:02  SCV  
  23  4:10  Marauder  
  23  4:14  SCV  
  26  4:26  SCV  
  27  4:32  Marauder  
  29  4:39  SCV  
  28  4:51  SCV  
  29  5:03  SCV  
  30  5:15  SCV  
  30  5:27  SCV  
  31  5:35  Marine  
  32  5:39  SCV  
  33  5:51  SCV  
  33  5:53  Marauder  
  33  5:56  Barracks Tech Lab  
  36  6:03  SCV  
  37  6:08  Factory  
  37  6:15  SCV  
  29  6:27  SCV  
  29  6:29  Factory  
  31  6:40  SCV  
  31  6:52  SCV  
  31  7:09  SCV, Factory Tech Lab  
  31  7:13  Factory Tech Lab  
  32  7:21  SCV  
  32  7:33  SCV  
  21  8:06  Marine, SCV  
  21  8:10  Starport  
  15  8:18  SCV  
  16  8:49  Command Center  
  16  8:55  SCV  
  17  9:08  SCV  
  18  9:20  SCV  
  19  9:32  SCV  
  20  9:44  SCV  
  21  9:47  Starport  
  21  9:51  Starport Tech Lab  
  21  9:56  SCV  
  22  10:01  SCV  
  23  10:08  SCV  
  23  10:13  SCV  
  25  10:19  Marine  
  25  10:20  SCV  
  27  10:24  Marine  
  27  10:25  Starport Tech Lab  
  28  10:47  Command Center  
  28  10:53  Hellion  
  30  11:00  Siege Tank  
  33  11:10  SCV  
  34  11:14  SCV, Siege Tank  
  38  11:22  SCV  
  39  11:26  Barracks, SCV  
  40  11:34  SCV  
  40  11:37  Hellion  
  40  11:38  SCV  
  37  11:40  Marine  
  37  11:44  Marine  
  37  11:47  SCV  
  40  11:56  Factory  
  40  11:58  Marine  
  41  12:04  Starport  
  41  12:07  Raven  
  40  12:12  Barracks Reactor  
  40  12:14  Siege Tank  
  43  12:19  Marine  
  44  12:23  Marine  
  44  12:28  Refinery  
  45  12:36  Hellion  
  47  12:37  Marine, Refinery  
  47  12:40  Factory Tech Lab  
  47  12:41  Starport Reactor  
  48  12:50  Raven  
  50  13:00  Marine  
  50  13:03  Refinery  
  50  13:04  Marine  
  46  13:06  Refinery  
  46  13:08  Marine  
  46  13:11  Marine  
  44  13:18  Marine  
  37  13:22  Marine  
  37  13:23  Hellion  
  37  13:25  SCV x2  
  44  13:27  Hellion  
  44  13:29  SCV  
  44  13:30  Siege Tank  
  44  13:34  Marine  
  48  13:37  SCV, Command Center  
  48  13:40  Marine  
  47  13:47  Siege Tank  
  51  13:48  SCV  
  51  13:50  Marine  
  41  14:11  Marine  
  41  14:13  Marine  
  41  14:15  Marine  
  41  14:18  Marine  
  41  14:20  Command Center  
  41  14:26  Viking  
  41  14:29  Marine  
  43  14:31  Marine  
  43  14:33  Marine  
  40  14:52  Marine  
  37  14:54  Marine  
  37  14:57  Marine  
  37  14:59  Command Center  
  38  15:00  Marine  
  39  15:10  Marine  
  35  15:28  Marine  
  35  15:33  Marine  
  35  15:34  Marine  
  38  15:38  Marine  
  39  15:45  Viking  
  39  15:49  Hellion, Viking x2  
  45  15:55  Viking  
  41  16:06  Marine  
  39  16:11  Hellion  
  35  16:21  SCV  
  34  16:26  Marine  
  34  16:31  Marine  
  25  17:05  SCV  
  25  17:06  Command Center  
Tags
 
Add a new tag
Caveats
  • Supply blocks, unpowered buildings, or Contaminate may cause inaccurate times.
  • Supply counts are checked every 10 seconds.